 Dungeon Crawl Stone Soup version 0.31-a0-1267-gfedaa18580 (webtiles) character file.

Game seed: 16301750787860013017

7024 grandjackal the Fighter (level 10, -3/94 HPs)
             Began as a Grey Draconian Gladiator on Dec 17, 2023.
             Was a Believer of Okawaru.
             Slain by a freezing wraith (6 damage)
             ... on level 9 of the Dungeon.
             The game lasted 00:11:40 (8803 turns).

grandjackal the Fighter (Grey Draconian Gladiator)  Turns: 8803, Time: 00:11:41

Health: -3/94      AC: 17    Str: 16    XL:     10   Next: 82%
Magic:  14/14      EV: 17    Int: 10    God:    Okawaru [**....]
Gold:   371        SH:  0    Dex: 16    Spells: 9/9 levels left

rFire   . . .        a - +0 long sword
rCold   . . .        (no shield)
rNeg    . . .        (body armour unavailable)
rPois   +            b - +0 hat
rElec   .            q - +1 cloak
rCorr   .            r - +2 pair of gloves
SInv    .            (no boots)
Will    .....        g - amulet of magic regeneration
Stlth   +            k - +4 ring of slaying
HPRegen 0.35/turn    F - ring of poison resistance
MPRegen 0.54/turn

%: no passive effects
@: slowed, very slow
A: AC +12, amphibious, unfitting armour, cold-blooded
a: Renounce Religion, Heroism


You were on level 9 of the Dungeon.
You worshipped Okawaru.
Okawaru was pleased with you.
You visited 2 branches of the dungeon, and saw 10 of its levels.

You collected 371 gold pieces.

Inventory:

Hand Weapons
 a - a +0 long sword (weapon)
 j - a +0 dagger of venom
Missiles
 d - a javelin
 h - 5 silver javelins
 C - 10 boomerangs
Armour
 b - a +0 hat (worn)
 q - a +1 cloak (worn)
 r - a +2 pair of gloves (worn)
Jewellery
 g - an amulet of magic regeneration (around neck)
 k - a +4 ring of slaying (left hand)
 s - a ring of positive energy
 F - a ring of poison resistance (right hand)
Wands
 l - a wand of flame (18)
 y - a wand of mindburst (3)
 A - a wand of charming (6)
 H - a wand of acid (3)
 J - a wand of polymorph (6)
Scrolls
 e - 2 scrolls of teleportation
 f - 2 scrolls of revelation
 t - a scroll of amnesia {unknown}
 x - a scroll of immolation {unknown}
 z - 3 scrolls of enchant weapon {unknown}
 D - 2 scrolls of torment {unknown}
Potions
 i - 2 potions of resistance
 m - 2 potions of brilliance
 n - 2 potions of curing
 o - a potion of ambrosia {unknown}
 p - 2 potions of might
 u - 2 potions of mutation
 v - a potion of heal wounds {unknown}
 w - a potion of haste {unknown}
 B - a potion of magic {unknown}
 E - a potion of attraction {unknown}
 G - a potion of berserk rage {unknown}
 I - a potion of lignification {unknown}


   Skills:
 + Level 10.3 Fighting
 + Level 9.6 Long Blades
 - Level 2.0 Throwing
 + Level 8.8 Dodging
 + Level 5.9 Invocations


You had 9 spell levels left.
You didn't know any spells.
Your spell library contained the following spells:

 Spells                   Type           Power      Damage    Failure   Level
 Sting                    Tmut/Pois      0%         1d3       36%         1
 Poisonous Vapours        Pois/Air       0%         N/A       50%         2
 Mephitic Cloud           Conj/Pois/Air  0%         N/A       75%         3
 Ozocubu's Armour         Ice            0%         N/A       75%         3
 Volatile Blastmotes      Fire/Tloc      0%         2d10      75%         3
 Fulminant Prism          Conj/Hex       0%         3d5       98%         4
 Iskenderun's Mystic Bla  Conj/Tloc      0%         2d3       98%         4
 Manifold Assault         Tloc           0%         N/A       98%         4
 Olgreb's Toxic Radiance  Pois           0%         N/A       98%         4
 Vhi's Electric Charge    Tloc/Air       0%         N/A       98%         4
 Arcjolt                  Conj/Air       0%         1d10      100%        5
 Freezing Cloud           Conj/Ice/Air   0%         6-21      100%        5
 Metabolic Englaciation   Hex/Ice        0%         N/A       100%        5
 Dispersal                Tloc           0%         N/A       100%        6
 Plasma Beam              Fire/Air       0%         2x1d10    100%        6
 Disjunction              Tloc           0%         N/A       100%        8
 Simulacrum               Ice/Necr       Unusable   N/A       N/A         6

Dungeon Overview and Level Annotations

Branches:
Dungeon (9/15)             Temple (1/1) D:7
   Lair: D:8-11         Orc: D:9-12

Altars:
Ashenzari
Cheibriados
Dithmenos
Elyvilon
Fedhas
Gozag
Hepliaklqana
Kikubaaqudgha
Makhleb
Nemelex Xobeh
Okawaru
Qazlal
Ru
Sif Muna
Trog
Uskayaw
Vehumet
Wu Jian
Xom
Yredelemnul
Zin
The Shining One

Shops:
D:6 :

Annotations:
D:3 1 transporter, Zvl3's ghost, amateur SpBr


Innate Abilities, Weirdness & Mutations

Your dull iron-grey scales are very hard. (AC +12)
You are amphibious.
You cannot fit into any form of body armour.
You are cold-blooded and may be slowed by cold attacks.


Message History

You hit the freezing wraith.
The freezing wraith is moderately damaged.
You slash the freezing wraith!
The freezing wraith is heavily damaged.
The freezing wraith hits you! The freezing wraith freezes you!!
The freezing wraith closely misses you.
You slash the freezing wraith!
The freezing wraith is heavily damaged.
The freezing wraith hits you but does no damage.
The freezing wraith misses you.
You barely miss the freezing wraith.
You tail-slap the freezing wraith, but do no damage.
The freezing wraith is heavily damaged.
The freezing wraith hits you but does no damage.
The freezing wraith hits you. The freezing wraith drains your vigour!
You feel yourself slow down.
You hit the freezing wraith.
The freezing wraith is severely damaged.
The freezing wraith hits you! The freezing wraith freezes you!!
You feel as though you will be slow longer.
The freezing wraith hits you.
The freezing wraith hits you but does no damage.
The freezing wraith misses you.
You slash the freezing wraith!
The freezing wraith is almost destroyed.
The freezing wraith hits you. The freezing wraith freezes you!
* * * LOW HITPOINT WARNING * * *
The freezing wraith barely misses you.
You closely miss the freezing wraith.
The freezing wraith is almost destroyed.
The freezing wraith is no longer covered in acid.
The freezing wraith hits you!
* * * LOW HITPOINT WARNING * * *
The freezing wraith freezes you!
* * * LOW HITPOINT WARNING * * *
The freezing wraith closely misses you.
You hit the freezing wraith but do no damage.
The freezing wraith is almost destroyed.
The freezing wraith hits you.
You die...

.......# #....# #.........
.......# #....# #..>.#####
.......# #....# #...)# #
.......#######....# #....# #
..................######....# #
.#######....................#####
.#.....'.......#####'#####.......
.#.....#.......#.........#.......
.#.....#.......W@........#.......
.#######.......#.........#...####
...............#.........#...#...
...............#.........#...#...
...............###.......#...#...
.................#########.###...
.........#######...........#.....
.........'.....#...........#.....
.........#.#..##.#.........#.....


You could see a freezing wraith.

Vanquished Creatures
  Pikel (D:7)
  2 ice devils
  A hornet (D:9)
  9 yaks
  2 vampires (D:6)
  A wyvern (D:9)
  2 steam dragons (D:9)
  2 water moccasins
  2 orc warriors
  3 sky beasts
  A black bear (D:5)
  3 ogres
  2 centaurs (D:6)
  4 lemures (D:7)
  4 phantoms
  3 kobold brigands
  7 scorpions
  3 gnoll sergeants
  13 killer bees
  A jelly (D:2)
  5 howler monkeys
  4 hounds
  2 orc priests
  A sleepcap (D:6)
  3 iguanas
  8 orc wizards
  13 gnolls
  13 adders
  2 shadow imps
  2 white imps (D:9)
  2 worms
  3 dart slugs (D:1)
  26 orcs
  A ball python (D:4)
  9 endoplasms
  5 giant cockroaches
  2 hobgoblins
  16 jackals
  10 bats
  6 goblins
  27 kobolds
  7 rats
233 creatures vanquished.

Notes
Turn   | Place    | Note
-------+----------+-------------------------------------------
     0 | D:1      | grandjackal the Draconian Gladiator began the quest for the
                  | Orb.
     0 | D:1      | Reached XP level 1. HP: 17/17 MP: 1/1
    81 | D:1      | Reached XP level 2. HP: 14/25 MP: 2/2
   300 | D:1      | Reached XP level 3. HP: 29/30 MP: 3/3
   425 | D:1      | Reached skill level 3 in Fighting
   919 | D:2      | Noticed a scorpion
   934 | D:2      | Killed a scorpion
   935 | D:2      | Reached XP level 4. HP: 23/39 MP: 4/4
  1179 | D:2      | Reached XP level 5. HP: 39/46 MP: 5/5
  1250 | D:2      | Reached skill level 4 in Fighting
  2136 | D:3      | Noticed Zvl3's ghost (amateur SpBr)
  2160 | D:3      | Found a transporter.
  2161 | D:3      | Noticed an ogre
  2394 | D:4      | Reached XP level 6. HP: 52/53 MP: 6/6
  2719 | D:5      | Entered Level 5 of the Dungeon
  2755 | D:5      | Reached skill level 5 in Fighting
  2755 | D:5      | Reached skill level 5 in Long Blades
  2755 | D:5      | Your scales start taking on a dull iron-grey colour.
  2755 | D:5      | Reached XP level 7. HP: 55/61 MP: 7/7
  2788 | D:5      | Found a broken altar of Ashenzari.
  3197 | D:4      | Reached skill level 5 in Dodging
  3393 | D:5      | Reached skill level 6 in Fighting
  3405 | D:5      | Reached XP level 8. HP: 58/70 MP: 8/8
  3917 | D:6      | Reached skill level 7 in Fighting
  4180 | D:6      | Reached XP level 9. HP: 81/81 MP: 9/9
  4260 | D:6      | Found Cecialan's Self-Improvement Boutique.
  4289 | D:6      | Reached skill level 8 in Fighting
  5017 | D:7      | Found a staircase to the Ecumenical Temple.
  5027 | Temple   | Entered the Ecumenical Temple
  5048 | Temple   | Became a worshipper of Warmaster Okawaru
  5143 | D:7      | Noticed Pikel
  5183 | D:7      | Killed Pikel
  5184 | D:7      | Reached skill level 1 in Invocations
  5442 | D:7      | Reached * piety under Okawaru
  5685 | D:7      | Reached skill level 9 in Fighting
  5772 | D:7      | Reached ** piety under Okawaru
  5773 | D:7      | Reached XP level 10. HP: 52/91 MP: 12/12
  7601 | D:9      | Found a stormy altar of Qazlal.
  7706 | D:9      | Reached skill level 5 in Invocations
  7721 | D:9      | Reached *** piety under Okawaru
  7722 | D:9      | Reached skill level 10 in Fighting
  8802 | D:9      | HP: 2/94 [freezing wraith (8)]
  8803 | D:9      | Slain by a freezing wraith

Illustrated notes

Levels and vault maps discovered:
D:1:      dpeg_arrival_tiny_a, layout_loops_ring, chequers_serial_rivers_small_b
D:2:      kennysheep_six_static_rooms, layout_basic, skrybe_limestone_x
D:3:      layout_basic, gammafunk_ghost_smash
D:4:      layout_rooms, dk_vineyard_2
D:5:      layout_rooms, ashenzari_altar_1, kennysheep_generic_room_15
D:6:      layout_loops_ring, nicolae_shop_self_help
D:7:      minmay_evil_eye, layout_gridville, minmay_temple_entry_trees,
          enter_bailey_6, lightli_orcish_oven, uniq_pikel
D:8:      layout_loops_ring
D:9:      layout_irregular_city, mainiacjoe_overflow_chevrons,
          hellmonk_guarded_unrand_frostbite
Temple:   nicolae_temple_slightly_damp_pantheon

Skill      XL: |  1  2  3  4  5  6  7  8  9 10 |
---------------+-------------------------------+-----
Throwing       | 2 |  2.0
Dodging        | 3 4 5 6 7 8 |  8.8
Fighting       | 3 4 5 6 7 9 10 | 10.3
Long Blades    | 4 5 6 7 8 9 |  9.6
Invocations    | 3 5 |  5.9

Action                     |  1- 3 |  4- 6 |  7- 9 | 10-12 || total
---------------------------+-------+-------+-------+-------++-------
  Melee: Long sword        |   120 |   115 |   352 |   274 ||   861
         Tailslap          |    11 |    12 |    61 |    52 ||   136
         Punch             |     3 |     1 |     5 |     4 ||    13
  Throw: Throwing net      |     2 |       |       |     3 ||     5
 Invoke: Heroism           |       |       |     1 |     2 ||     3
  Evoke: Wand              |       |       |    12 |     7 ||    19
    Use: Scroll            |       |     2 |       |     7 ||     9
   Stab: Sleeping          |     2 |     2 |     2 |       ||     6
         Held in net/web   |     1 |       |       |       ||     1
 Armour: Skin              |    65 |    59 |   272 |   230 ||   626
  Dodge: Dodged            |    91 |    70 |   296 |   305 ||   762

Table legend: (Time is in decaauts)
 A = Elapsed time spent in this place.
 B = Non-inter-level travel time spent in this place.
 C = Inter-level travel time spent in this place.
 D = Time resting spent in this place.
 E = Time spent auto-exploring this place.
 F = Levels seen in this place.
 G = Mean time per level.
                   A        B        C        D        E       F      G
               +--------+--------+--------+--------+--------+-----+--------+
         Total |   8875 |   8465 |    410 |   1837 |   4407 |  10 |  887.5 |
       Dungeon |   8832 |   8463 |    369 |   1837 |   4407 |   9 |  981.3 |
        Temple |     42 |      1 |     41 |      0 |      0 |   1 |   42.0 |
               +--------+--------+--------+--------+--------+-----+--------+

Top non-repeatable levels by time:
     D:9: 1395 daAuts
     D:7: 1296 daAuts
     D:6: 1156 daAuts
     D:8: 1028 daAuts
     D:2: 953 daAuts
     D:1: 889 daAuts
     D:4: 809 daAuts
     D:5: 765 daAuts
     D:3: 537 daAuts
  Temple: 42 daAuts
